 Dungeon Crawl Stone Soup version 0.26-a0-663-g36e8fdb655 (webtiles) character file.

Game seed: 18146385295703953017

4226 jasper the Cleaver (level 10, -2/130 HPs)
             Began as a Palentonga Fighter on Oct 12, 2020.
             Was a Priest of Wu Jian.
             Slain by an orc warrior
             ... wielding a +0 scimitar
              (5 damage)
             ... on level 8 of the Dungeon.
             The game lasted 00:15:18 (8241 turns).

jasper the Cleaver (Palentonga Fighter)             Turns: 8241, Time: 00:15:19

Health: -2/130     AC: 25    Str: 22    XL:     10   Next: 9%
Magic:  10/10      EV:  1    Int:  8    God:    Wu Jian [***...]
Gold:   286        SH:  8    Dex: 11    Spells: 9/9 levels left

rFire    + . .     SeeInvis +   F - +3 war axe
rCold    . . .     Faith    .   c - +0 kite shield
rNeg     + + +     Spirit   .   (armour currently unavailable)
rPois    +         Reflect  .   (helmet currently unavailable)
rElec    .         Harm     .   (cloak currently unavailable)
rCorr    .         Rampage  .   (gloves currently unavailable)
MR       .....     NoTele   +   (no barding)
Stlth    +.........             (no amulet)
HPRegen  0.31/turn              h - ring of poison resistance
MPRegen  0.12/turn              w - ring of protection from fire

@: brilliant, tree-form, hasted, heavily drained, very quick
A: large, rugged brown scales 3, see invisible, sense surroundings 1
a: Wall Jump, Serpent's Lash, Renounce Religion


You were on level 8 of the Dungeon.
You worshipped Wu Jian.
Wu Jian was most pleased with you.
You were a tree.
You visited 2 branches of the dungeon, and saw 9 of its levels.
You also visited: Sewer.

You collected 376 gold pieces.
You spent 90 gold pieces at shops.

Inventory:

Hand Weapons
 a - a +0 war axe
 F - a +3 war axe (weapon)
Missiles
 f - 218 stones
 D - 7 boomerangs (quivered)
Armour
 b - a +0 scale mail (melded)
 c - a +0 kite shield (worn)
 m - a +1 hat
 n - a +2 hat (melded)
 q - a +0 plate armour
 t - a +0 cloak (melded)
Jewellery
 d - an uncursed amulet of magic regeneration
 h - a ring of poison resistance (left branch)
 s - an uncursed ring of flight
 w - a ring of protection from fire (right branch)
 A - an uncursed ring of positive energy {unknown}
 C - a cursed -4 ring of dexterity {unknown}
 I - a cursed amulet of inaccuracy {unknown}
 M - a +4 ring of evasion {unknown}
Wands
 H - a wand of polymorph (6)
 J - a wand of digging (5)
 L - a wand of flame (21)
 N - a wand of enslavement (8)
Scrolls
 e - 6 scrolls of remove curse
 g - 3 scrolls of noise {unknown}
 j - 6 scrolls of amnesia
 k - 2 scrolls of magic mapping {unknown}
 o - 6 scrolls of identify {unknown}
 p - 2 scrolls of blinking {unknown}
 v - 2 scrolls of fog {unknown}
 x - 5 scrolls of teleportation {unknown}
 y - a scroll of enchant armour {unknown}
 z - 2 scrolls of fear {unknown}
 G - a scroll of enchant weapon {unknown}
Potions
 B - a potion of haste
 E - 4 potions of flight {unknown}
 O - 2 potions of magic {unknown}
 P - a potion of ambrosia {unknown}


   Skills:
 + Level 5.6(4.2) Fighting
 - Level 12.0(10.4) Axes
 + Level 4.6(3.3) Armour
 - Level 2.7(1.5) Shields
 + Level 4.0(2.7) Evocations


You had 9 spell levels left.
You didn't know any spells.
Your spell library was empty.

Dungeon Overview and Level Annotations

Branches:
Dungeon (8/15)             Temple (1/1) D:5           Sewer (visited)
   Lair: D:8-11

Altars:
Ashenzari
Cheibriados
Dithmenos
Elyvilon
Fedhas
Gozag
Hepliaklqana
Kikubaaqudgha
Makhleb
Nemelex Xobeh
Okawaru
Qazlal
Ru
Sif Muna
Trog
Uskayaw
Vehumet
Wu Jian
Xom
Yredelemnul
Zin
The Shining One


Innate Abilities, Weirdness & Mutations

(You are completely covered in rugged brown scales. (AC +3, +7% HP))
You have supernaturally acute eyesight. (SInv)
((Armour fits poorly on your strangely shaped body.))
((You can roll at foes to attack.))
((You have a long armoured tail.))
((Your flesh is heat resistant. (rF+)))
You passively map a small area around you.


Message History

You closely miss the ice beast. You closely miss the orc warrior.
You block the orc warrior's attack.
The ice beast hits you but does no damage.
Unknown command.
You feel better.
The orc warrior hits you with a +0 scimitar.
* * * LOW HITPOINT WARNING * * *
The ice beast hits you.
* * * LOW HITPOINT WARNING * * *
The ice beast freezes you!
* * * LOW HITPOINT WARNING * * *
You take 12 damage, and have 3/130 hp.
Okay, then.
It was a potion of brilliance.
You feel clever all of a sudden.
The orc warrior hits you but does no damage.
The ice beast hits you but does no damage.
It was a potion of haste.
You feel yourself speed up.
The orc warrior hits you with a +0 scimitar.
You die...

#.# , * #h#
*, , #.# ,*
#o# # * #.#
.# , # #F#
#.# , , ,
#.# * ..##
#h###....#.
#oo♣I......
*
#####...#$.
*.## # * ,
* #######
,* .......
#######


You could see an orc warrior, an ice beast, a hound and an orc priest.

Vanquished Creatures
  A water moccasin (D:8)
  3 ice beasts
  A sky beast (D:5)
  2 orc warriors
  A black bear (D:8)
  3 phantoms
  4 centaurs
  6 ogres
  3 big kobolds
  7 bullfrogs
  5 killer bees (D:7)
  A scorpion (D:7)
  3 wights (D:8)
  5 howler monkeys
  3 hounds
  A gnoll shaman (D:8)
  2 jellies (D:5)
  An orc priest (D:6)
  A centaur skeleton (D:7)
  8 orc wizards
  9 worker ants
  A hound zombie (D:6)
  A howler monkey zombie (D:7)
  A worker ant zombie (D:6)
  15 adders
  8 gnolls
  2 river rats (Sewer)
  3 shadow imps
  2 white imps (D:6)
  4 ufetubi
  An adder skeleton (D:5)
  6 worms
  2 dart slugs
  3 leopard geckos
  21 orcs
  3 ball pythons
  3 giant cockroaches
  5 hobgoblins
  13 jackals
  5 quokkas
  7 bats
  4 frilled lizards
  6 goblins
  21 kobolds
  A leopard gecko skeleton (D:6)
  5 rats
213 creatures vanquished.

Vanquished Creatures (others)
  An orc wizard (D:4)
1 creature vanquished.

Grand Total: 214 creatures vanquished

Notes
Turn   | Place    | Note
-------+----------+-------------------------------------------
     0 | D:1      | jasper the Palentonga Fighter began the quest for the Orb.
     0 | D:1      | Reached XP level 1. HP: 20/20 MP: 1/1
   261 | D:1      | Reached XP level 2. HP: 27/27 MP: 2/2
   757 | D:2      | Reached skill level 3 in Axes
   757 | D:2      | Reached XP level 3. HP: 29/33 MP: 3/3
  1027 | D:2      | Reached XP level 4. HP: 31/40 MP: 4/4
  1218 | D:2      | Reached skill level 4 in Axes
  1800 | D:3      | Found a blossoming altar of Fedhas.
  1824 | D:3      | Reached skill level 5 in Axes
  1824 | D:3      | Reached XP level 5. HP: 40/48 MP: 5/5
  2700 | D:4      | Noticed an ogre
  2700 | D:4      | Noticed a phantom
  2766 | D:4      | Reached skill level 6 in Axes
  2766 | D:4      | Reached XP level 6. HP: 47/54 MP: 6/6
  2796 | D:4      | Reached skill level 7 in Axes
  2980 | D:4      | Reached XP level 7. HP: 60/60 MP: 7/7
  3144 | D:4      | You fall into a shaft and drop 1 floor!
  3144 | D:5      | Entered Level 5 of the Dungeon
  3281 | D:5      | Found a staircase to the Ecumenical Temple.
  3292 | Temple   | Entered the Ecumenical Temple
  3630 | D:5      | Reached skill level 8 in Axes
  4238 | D:5      | Found a shimmering altar of Xom.
  4241 | D:5      | Found a radiant altar of Vehumet.
  4244 | D:5      | Found a bloodstained altar of Trog.
  4255 | D:5      | Found an ornate altar of the Wu Jian Council.
  4259 | D:5      | Became a worshipper of the Wu Jian Council
  4330 | D:5      | Reached skill level 9 in Axes
  4416 | D:5      | Reached XP level 8. HP: 67/67 MP: 8/8
  4543 | D:5      | Found an opulent altar of Gozag.
  5050 | D:6      | Found a glowing drain.
  5110 | D:6      | Reached skill level 10 in Axes
  5377 | Sewer    | Entered a sewer
  5384 | Sewer    | Reached * piety under Wu Jian
  5521 | Sewer    | Found a white marble altar of Elyvilon.
  5839 | D:6      | Reached skill level 11 in Axes
  5948 | D:6      | Reached ** piety under Wu Jian
  6118 | D:6      | Reached XP level 9. HP: 38/73 MP: 9/9
  6563 | D:7      | Reached skill level 12 in Axes
  6648 | D:7      | Reached skill level 1 in Evocations
  7542 | D:8      | Reached *** piety under Wu Jian
  7551 | D:8      | Reached skill level 5 in Fighting
  7862 | D:8      | Found Zin's Purification Station.
  7865 | D:8      | Found a glowing silver altar of Zin.
  7872 | D:8      | Bought a potion of curing for 90 gold pieces
  8084 | D:8      | Reached XP level 10. HP: 85/86 MP: 10/10
  8237 | D:8      | Gained mutation: You passively map a small area around you.
                  | [potion of mutation]
  8237 | D:8      | Gained mutation: Your flesh is heat resistant. (rF+)
                  | [potion of mutation]
  8239 | D:8      | HP: 3/130 [ice beast (14)]
  8241 | D:8      | Slain by an orc warrior

Illustrated notes

Levels and vault maps discovered:
D:1:      dpeg_arrival_arbitrary_b, layout_loops_ring
D:2:      layout_basic
D:3:      layout_rooms, fedhas_altar_1
D:4:      layout_basic, hex_tiny, trog_three_pillars_becter
D:5:      layout_layer_cave, grunt_temple_overflow_cloverleaf,
          minmay_temple_entry_mist, grunt_gozag_breadcrumbs
D:6:      layout_loops_ring, cheibrodos_sewer_entry_sluice,
          chequers_serial_rivers_micro_d
D:7:      layout_basic
D:8:      layout_loops_ring, zin_purify, hangedman_decor_diamond_cutter,
          minmay_alternating_orb
Temple:   kb_temple_of_zot

Skill      XL: |  1  2  3  4  5  6  7  8  9 10 |
---------------+-------------------------------+-----
Axes           | 3 5 6 7 9 11 12 | 12.0
Evocations     | 3 4 |  4.0
Armour         | 4 |  4.6
Fighting       | 5 |  5.6
Shields        | |  2.7

Action                   |  1- 3 |  4- 6 |  7- 9 | 10-12 || total
-------------------------+-------+-------+-------+-------++-------
Melee: War axe           |    71 |   171 |   398 |    35 ||   675
       Tailslap          |     4 |    11 |    43 |     1 ||    59
Throw: Stone             |     1 |     6 |    11 |       ||    18
       Boomerang         |       |       |     3 |       ||     3
Invok: Lunge             |       |       |     9 |       ||     9
       Whirlwind         |       |       |    22 |    12 ||    34
 Abil: Rolling Charge    |    14 |    26 |    60 |     2 ||   102
       Wall Jump         |       |       |     5 |     1 ||     6
Evoke: Wand              |       |       |       |     1 ||     1
  Use: Potion            |       |     1 |     7 |     8 ||    16
       Scroll            |       |       |     2 |       ||     2
Armor: Scale mail        |    37 |    92 |   164 |    16 ||   309
       Skin              |       |       |    17 |    22 ||    39
Dodge: Dodged            |    10 |    45 |    71 |    10 ||   136
Block: Kite shield       |    34 |    96 |   175 |    21 ||   326

Table legend: (Time is in decaauts)
 A = Elapsed time spent in this place.
 B = Non-inter-level travel time spent in this place.
 C = Inter-level travel time spent in this place.
 D = Time resting spent in this place.
 E = Time spent auto-exploring this place.
 F = Levels seen in this place.
 G = Mean time per level.
                   A        B        C        D        E       F      G
               +--------+--------+--------+--------+--------+-----+--------+
         Total |   8414 |   8068 |    346 |   1141 |   5378 |  10 |  841.4 |
       Dungeon |   8085 |   7754 |    331 |   1141 |   5120 |   8 | 1010.6 |
        Temple |    119 |    104 |     15 |      0 |    103 |   1 |  119.0 |
         Sewer |    209 |    209 |      0 |      0 |    155 |   1 |  209.0 |
               +--------+--------+--------+--------+--------+-----+--------+

Top non-repeatable levels by time:
     D:5: 1766 daAuts
     D:2: 1586 daAuts
     D:6: 1342 daAuts
     D:7: 976 daAuts
     D:8: 740 daAuts
     D:1: 712 daAuts
     D:3: 516 daAuts
     D:4: 445 daAuts
   Sewer: 209 daAuts
  Temple: 119 daAuts
